[Event "Late-Titled-Tuesday-Blitz-February-13-2024"]
[Site "Chess.com"]
[Date "2024.02.13"]
[Round "4"]
[White "jcibarra"]
[Black "LLRChess"]
[Result "1-0"]
[WhiteElo "2929"]
[BlackElo "2590"]
[TimeControl "180+1"]
[EndTime "14:39:04 PST"]
[Termination "jcibarra won by resignation"]

1. e4 c5 2. Nf3 d6 3. c3 Nf6 4. h3 g6 5. Bd3 d5 6. e5 c4 7. Bc2 Ne4 8. O-O Bg7 9. b3 cxb3 10.
axb3 Nc5 11. d4 Ne6 12. Nh2 O-O 13. f4 f6 14. Be3 fxe5 15. dxe5 Nc6 16. b4 d4 17. cxd4 Ncxd4 18. Be4 Nf5 19. Qe1 Nxe3 20. Qxe3 Qd4 21. Qxd4 Nxd4 22. Nc3 Be6 23. Bxb7 Rab8 24. Rxa7 Rfd8 25. Rfa1 Nc2 26. R1a6 Bb3 27. b5 g5 28. Nf3 gxf4 29. b6 Nb4 30. Ra3 Bc4 31.
R3a4 Nd3 32. Rxc4 Nxe5 33. Nxe5 Bxe5 34. Bd5+ Kf8 35. b7 e6 36. Be4 Bd4+ 37. Rxd4 Rxd4 38.
Ra8 Rdd8 39. Nb5 Ke7 40. Na7 Kd7 41. Nc6 Rxa8 42. Ne5+ Kc7 43. bxa8=Q Rxa8 44. Bxa8 Kd6 45. Nf3 1-0

[Event "Late-Titled-Tuesday-Blitz-February-13-2024"]
[Site "Chess.com"]
[Date "2024.02.13"]
[Round "4"]
[White "BogdanDeac"]
[Black "Kosak12"]
[Result "1-0"]
[WhiteElo "3016"]
[BlackElo "2856"]
[TimeControl "180+1"]
[EndTime "14:39:05 PST"]
[Termination "BogdanDeac won on time"]

1. d4 Nf6 2. c4 g6 3. Nc3 Bg7 4. e4 d6 5. Nf3 O-O 6. Bd3 Bg4 7.
Be2 e5 8. d5 a5 9. Be3 Na6 10.
Nd2 Bc8 11. g4 Nc5 12. h4 h5 13. gxh5 gxh5 14. Bg5 Qe8 15. Rg1 Ng4 16. Nb3 f6 17.
Bd2 Kh7 18. Nxc5 dxc5 19. f3 Nh6 20. Be3 f5 21. Bxc5 Rg8 22. Qd2 b6 23. Bf2 f4 24.
d6 cxd6 25. O-O-O Bf8 26. Rxg8 Nxg8 27. Nd5 Qf7 28. Nxb6 Rb8 29. Nxc8 Rxc8 30. Qxa5 Nf6 31. Kb1 Qg6 32. Rg1 Qf7 33. Qa6 Rb8 34. Rd1 Be7 35.
Qa7 Rf8 36. c5 dxc5 37. Bxc5 Bxc5 38. Qxc5 Re8 39. Qc6 Re7 40. Bc4 Qg7 41. Qc5 Re8 42. Qc6 Re7 43. a4 Qg2 44. Qxf6 Rb7 45. Qf5+ Kh6 46.
Rd6+ Kg7 47. Qxe5+ 1-0

[Event "Late-Titled-Tuesday-Blitz-February-13-2024"]
[Site "Chess.com"]
[Date "2024.02.13"]
[Round "4"]
[White "h4parah5"]
[Black "SchmakAttack"]
[Result "1-0"]
[WhiteElo "2970"]
[BlackElo "2793"]
[TimeControl "180+1"]
[EndTime "14:39:05 PST"]
[Termination "h4parah5 won by resignation"]

1. Nf3 d5 2. e3 c5 3. b3 Nc6 4.
Bb2 e6 5. Bb5 Ne7 6. O-O a6 7. Be2 d4 8. a4 g6 9. Na3 Bg7 10. Nc4 O-O 11. Re1 e5 12. exd4 cxd4 13. Bf1 f6 14. a5 Be6 15. Ba3 Kh8 16. Bc5 Rc8 17. Bb6 Qd7 18. Bc5 Qd8 19. Nb6 Rc7 20. b4 Re8 21. c3 dxc3 22. dxc3 Nd5 23. Nxd5 Qxd5 24. Qxd5 Bxd5 25. Nd2 f5 26. Nc4 e4 27.
Nd6 Rf8 28. Ra3 Bg8 29. Nxb7 Rxb7 30. Bxa6 Rc7 31. Bxf8 Bxf8 32. Rb1 Ne5 33. Bf1 Bc4 34.
a6 Ra7 35. Bxc4 Nxc4 36. Ra2 Kg7 37. b5 Bc5 38. Rd1 e3 39. Kf1 exf2 40. Rd8 Bb6 41. Rc8 Ne3+ 42. Kxf2 Kf7 43. Rc6 Nd5+ 44. Kf1 Ne3+ 45.
Ke2 Re7 46. Kd3 Nd5 47. Kc4 Rd7 48. Re2 Ne3+ 49. Kb3 Ba7 50. b6 Bxb6 51. Rxb6 Nd5 52. Rb7 1-0

[Event "Late-Titled-Tuesday-Blitz-February-13-2024"]
[Site "Chess.com"]
[Date "2024.02.13"]
[Round "4"]
[White "ChessSkool"]
[Black "ImportedItalianMaple"]
[Result "1-0"]
[WhiteElo "2718"]
[BlackElo "2525"]
[TimeControl "180+1"]
[EndTime "14:39:05 PST"]
[Termination "ChessSkool won on time"]

1. d4 g6 2. h4 Nf6 3. Nc3 c5 4. d5 Bg7 5. e4 d6 6. Bb5+ Nbd7 7. a4 O-O 8. Bf4 Ne5 9. Be2 h5 10. Bxe5 dxe5 11. Nf3 Ng4 12. Nd2 e6 13. Nc4 exd5 14. Nxd5 Nf6 15. Nxf6+ Qxf6 16. Ne3 Be6 17. Bc4 Bxc4 18.
Nxc4 Rad8 19. Qe2 Bh6 20. g3 Rd7 21. O-O Rfd8 22. Rad1 Qe6 23. b3 b6 24. Kg2 f6 25.
Rxd7 Rxd7 26. Rd1 Kf7 27. Qf3 Ke7 28. Rd5 Rxd5 29. exd5 e4 30. Qd1 Qf5 31. d6+ Kd7 32.
c3 Bf8 33. b4 cxb4 34. cxb4 Qe6 35. Qd4 Bxd6 36. a5 Ke7 37. axb6 axb6 38. Nxb6 Be5 39. Nd5+ Kf7 40. Qc5 Kg7 41. b5 Bd6 42. Qc6 f5 43.
b6 f4 44. Nxf4 Qg4 45. Qxe4 Bxf4 46. Qxf4 Qd7 47. Qc7 1-0

[Event "Late-Titled-Tuesday-Blitz-February-13-2024"]
[Site "Chess.com"]
[Date "2024.02.13"]
[Round "4"]
[White "Chemim21"]
[Black "delqate"]
[Result "0-1"]
[WhiteElo "2238"]
[BlackElo "2502"]
[TimeControl "180+1"]
[EndTime "14:39:07 PST"]
[Termination "delqate won on time"]

1. d4 d5 2. Nf3 Nf6 3. Bf4 c5 4. e3 Nc6 5. c3 Qb6 6. Qb3 c4 7.
Qc2 Bf5 8. Qc1 h6 9. h3 e6 10.
Be2 Be7 11. O-O Qd8 12. Nbd2 O-O 13. Bd1 b5 14. Bc2 Bxc2 15. Qxc2 b4 16. e4 dxe4 17.
Nxe4 Nxe4 18. Qxe4 Qd5 19. Qe2 a5 20. Nd2 Rfc8 21.
Rac1 bxc3 22. bxc3 Na7 23. Rb1 Nb5 24. Rfc1 a4 25. Qe4 Ra5 26. Qxd5 exd5 27. Nf3 f6 28. g4 Kf7 29. Ne1 Rc6 30. Ng2 Ba3 31. Rc2 Bd6 32. Bd2 Rc7 33. Bc1 Ba3 34. Ne3 Bxc1 35. Rcxc1 Na3 36.
Rb6 Rd7 37. Nf5 Kg8 38. Ne3 Kh7 39. Re1 Rb5 40. Ra6 Rb1 41. Rxb1 Nxb1 42. Ra5 Nxc3 43. Nf5 Ne2+ 44. Kf1 Nf4 45. Ne3 Rb7 46. Rxa4 Rb1+ 0-1

[Event "Late-Titled-Tuesday-Blitz-February-13-2024"]
[Site "Chess.com"]
[Date "2024.02.13"]
[Round "4"]
[White "akanga001"]
[Black "GoValya"]
[Result "0-1"]
[WhiteElo "2004"]
[BlackElo "2252"]
[TimeControl "180+1"]
[EndTime "14:39:08 PST"]
[Termination "GoValya won on time"]

1. d4 g6 2. c4 Bg7 3. Nc3 c5 4. d5 f5 5. Nf3 Nf6 6. g3 d6 7.
Bg2 O-O 8. O-O a6 9. a4 e6 10. e4 fxe4 11. Ng5 exd5 12. cxd5 Bf5 13. Ngxe4 Nxe4 14.
Nxe4 Bxe4 15. Bxe4 Nd7 16. Qc2 Ne5 17. Ra3 b5 18.
axb5 axb5 19. Rxa8 Qxa8 20. Bg5 Qe8 21. Kg2 Qf7 22.
h4 Nf3 23. Be3 Nd4 24. Qd3 c4 25. Qd2 Nb3 26. Qc2 Qf6 27. Rb1 Nd4 28. Qd2 Nf3 29. Qe2 Ne5 30. Bg5 Qf7 31. Be3 h5 32. Qc2 b4 33. Qd2 Ng4 34. f3 c3 35. bxc3 bxc3 36.
Qe2 Ne5 37. Rc1 Rc8 38. Qc2 Kh8 39. Bf4 Nc4 40. Bxg6 Qf6 41. Bg5 Qd4 42. Bxh5 Ne3+ 43.
Bxe3 Qxe3 44. Qg6 Qxc1 45. Kh3 Qe3 46. Bg4 Re8 0-1

[Event "Late-Titled-Tuesday-Blitz-February-13-2024"]
[Site "Chess.com"]
[Date "2024.02.13"]
[Round "4"]
[White "ChessLover0108"]
[Black "Doomfist26"]
[Result "0-1"]
[WhiteElo "2972"]
[BlackElo "2630"]
[TimeControl "180+1"]
[EndTime "14:39:09 PST"]
[Termination "Doomfist26 won on time"]

1. c4 Nf6 2. Nc3 g6 3. e4 d6 4.
d4 Bg7 5. Be2 O-O 6. Be3 e5 7.
d5 Na6 8. Nf3 Nc5 9. Nd2 a5 10.
a3 a4 11. Bxc5 dxc5 12. Nxa4 b6 13. b4 Bd7 14. Nc3 Qe7 15. bxc5 Qxc5 16. a4 c6 17. O-O cxd5 18. exd5 Rfc8 19. Nb5 e4 20. Qb3 Bxb5 21.
cxb5 Qxd5 22. Nc4 Qe6 23. Rac1 Nd7 24. Qa3 Bf8 25. Qa2 Nc5 26. a5 Rxa5 27. Qb1 Ra4 28. Ne3 Rd8 29. Bc4 Qe5 30. Rcd1 Rd4 31. Qc2 h5 32. g3 Rxd1 33. Rxd1 Ra1 34. Rxa1 Qxa1+ 35. Kg2 Qd4 36. Qa2 Qf6 37. Qa8 Kg7 38. Qd5 h4 39.
Kg1 Bd6 40. Qd1 h3 41. Bf1 Nd3 42. Bxd3 exd3 43. Qxd3 Bc5 44. Nd1 Qa1 45. Qc3+ Qxc3 46. Nxc3 Kf6 47. Kf1 Ke5 48. Ke2 Kd4 49. Nd1 Kc4 50. Kf3 Kxb5 0-1

[Event "Late-Titled-Tuesday-Blitz-February-13-2024"]
[Site "Chess.com"]
[Date "2024.02.13"]
[Round "4"]
[White "CRObliterator"]
[Black "TheCavemanChess"]
[Result "0-1"]
[WhiteElo "2388"]
[BlackElo "2676"]
[TimeControl "180+1"]
[EndTime "14:39:10 PST"]
[Termination "TheCavemanChess won on time"]

1. e4 c5 2. c3 e6 3. d4 d5 4. e5 b6 5. f4 Qd7 6. Nf3 Ba6 7. Bxa6 Nxa6 8. O-O Ne7 9. a3 h5 10. b4 Nf5 11. Qe2 c4 12. a4 Nc7 13. Ba3 Qxa4 14. b5 Qxb5 15. Bxf8 Kxf8 16. Na3 Qd7 17. Rfb1 h4 18. Ng5 f6 19. Nh3 Kf7 20. Nc2 b5 21.
Ne3 a5 22. Nxf5 exf5 23. Qf3 Ne6 24. g4 hxg3 25. Qxg3 Rh6 26. Qf3 Rah8 27. Nf2 a4 28. Rb4 g5 29. exf6 Nxf4 30. Re1 Rxf6 31. Re5 a3 32. Rb1 Re8 33. Rxe8 Qxe8 34. Nh3 Nxh3+ 35. Qxh3 Kg7 36. Rf1 g4 37. Qg3 a2 38. Qc7+ Rf7 39. Qf4 Qe4 40. Qg5+ Kh7 41. Qh5+ Kg8 42. Qg5+ Rg7 43.
Qd8+ Kh7 44. Qh4+ Kg6 45. h3 Qe3+ 46. Kg2 Qxh3+ 47. Qxh3 gxh3+ 48. Kxh3 Ra7 49. Ra1 Ra3 50. Kg3 Kg5 51. Kf2 Kf4 52. Ke2 Ke4 53. Kd2 f4 54. Ke2 f3+ 55. Kd2 Kf4 56. Kc2 Kg3 57. Kb2 Rb3+ 58. Kxa2 f2 59. Rf1 Kg2 60. Rg1+ Kxg1 0-1

[Event "Late-Titled-Tuesday-Blitz-February-13-2024"]
[Site "Chess.com"]
[Date "2024.02.13"]
[Round "4"]
[White "Nemsko"]
[Black "deribas12345"]
[Result "0-1"]
[WhiteElo "2393"]
[BlackElo "2638"]
[TimeControl "180+1"]
[EndTime "14:39:10 PST"]
[Termination "deribas12345 won on time"]

1. e4 e6 2. d4 d5 3. Nc3 Nf6 4. e5 Ne4 5. Nxe4 dxe4 6. Ne2 c5 7. c3 Nc6 8. Be3 cxd4 9. cxd4 Qb6 10. Rb1 Bb4+ 11.
Nc3 Qa5 12. Qb3 O-O 13. a3 Bxc3+ 14. bxc3 b6 15. Bb5 Bb7 16. O-O Rfd8 17. Rfd1 a6 18. Be2 b5 19. a4 Ne7 20. axb5 axb5 21. Qxb5 Qxb5 22. Bxb5 Nd5 23. Bd2 Ba6 24. Bxa6 Rxa6 25. c4 Ne7 26. Be3 h6 27. Rb2 Nf5 28. Kf1 Ra3 29. Ke2 Rc3 30. c5 g5 31. g4 Ne7 32.
Rdd2 Nd5 33. Rdc2 Ra3 34. c6 Rc8 35. Rc5 Rc3 36. Rc2 Rxc2+ 37. Rxc2 Nb4 38. Rc4 Nxc6 39.
Bd2 Ne7 40. Rxc8+ Nxc8 41. Ke3 Ne7 42. Kxe4 Nd5 43. f4 gxf4 44. Bxf4 Kg7 45. h4 Kg6 46. Bd2 h5 47. g5 Ne7 48. Be1 Nd5 49. Bd2 Kg7 50. Be1 Kf8 51. Bd2 Ke7 52. Be1 Kd7 53. Bf2 Kc6 0-1

[Event "Late-Titled-Tuesday-Blitz-February-13-2024"]
[Site "Chess.com"]
[Date "2024.02.13"]
[Round "4"]
[White "Hirna2005"]
[Black "HandKnit"]
[Result "0-1"]
[WhiteElo "2308"]
[BlackElo "2515"]
[TimeControl "180+1"]
[EndTime "14:39:11 PST"]
[Termination "HandKnit won by resignation"]

1. e4 c5 2. c3 d5 3. exd5 Qxd5 4. Nf3 Nf6 5. Na3 a6 6. Bc4 Qd8 7. d4 cxd4 8. Ne5 e6 9. Qa4+ Bd7 10. Nxd7 Nbxd7 11. Qb3 b5 12. Be2 dxc3 13. bxc3 Bc5 14. O-O O-O 15.
Bg5 Qb6 16. Rab1 Rac8 17. c4 Ne4 18. Bh4 Nd2 19. Qh3 Nxb1 20. Nxb1 bxc4 21. Bxc4 Bd4 22. Bd3 h6 23. Nd2 Rc3 24. Ne4 Ra3 25. Be7 Rxa2 26.
Bxf8 Nxf8 27. Kh1 a5 28. f4 a4 29. f5 exf5 30. Qxf5 Qe6 31. Qa5 Qg4 32. Ng3 Rf2 33.
Rxf2 Bxf2 34. Bf1 Bxg3 35. hxg3 Ne6 36. Kg1 Qd4+ 37. Kh1 g6 38. g4 Qxg4 39. Qa8+ Kg7 40. Kg1 Qd4+ 41. Kh1 Qh4+ 42. Kg1 Qd4+ 43. Kh1 Qb4 44.
Bd3 a3 45. Be4 Qe1+ 46. Kh2 Qh4+ 47. Kg1 Qe1+ 48. Kh2 Qc3 49. Bd5 Qe5+ 50. Kg1 Nf4 51. Ba2 Qa1+ 52. Kh2 Qxa2 53. Qe4 Qxg2+ 54. Qxg2 Nxg2 55.
Kxg2 a2 0-1

[Event "Late-Titled-Tuesday-Blitz-February-13-2024"]
[Site "Chess.com"]
[Date "2024.02.13"]
[Round "4"]
[White "Kaua18"]
[Black "Flawless_Fighter"]
[Result "0-1"]
[WhiteElo "2538"]
[BlackElo "2742"]
[TimeControl "180+1"]
[EndTime "14:39:13 PST"]
[Termination "Flawless_Fighter won by checkmate"]

1. e4 c5 2. Nf3 d6 3. Nc3 Nf6 4. d4 cxd4 5. Nxd4 a6 6. Bg5 Nbd7 7. f4 h6 8. Bh4 e6 9. f5 e5 10. Nf3 Be7 11. Bc4 b5 12. Bxf6 Nxf6 13. Bd5 Rb8 14. a3 O-O 15. O-O a5 16. Qd3 b4 17.
axb4 axb4 18. Na4 Nxd5 19. exd5 Ra8 20. Rfe1 Ba6 21. Qe4 Qb8 22. b3 Qb5 23. Nb2 Bb7 24. Qc4 Qxd5 25. Qxb4 Bf6 26. Rad1 Qc6 27. Nc4 e4 28.
Nd4 Qc5 29. Qxb7 Bxd4+ 30. Kh1 d5 31. Nd2 Rab8 32. Qa6 Bc3 33. Qe2 Rfe8 34. Rg1 e3 35. Nf3 d4 36. h3 Qxf5 37. Rd3 Qe4 38. Rgd1 Rbd8 39. Kg1 g6 40. Kh1 h5 41. b4 Bxb4 42. Rxd4 Rxd4 43. Rxd4 Qb7 44. Rd3 Bc5 45. Rc3 Qb6 46. Rb3 Qe6 47. Rc3 Bf8 48. Ne1 Bg7 49. Rd3 Qe4 50. c3 Qf4 51. Nc2 Be5 52. Kg1 Qh2+ 53.
Kf1 Qh1# 0-1

[Event "Late-Titled-Tuesday-Blitz-February-13-2024"]
[Site "Chess.com"]
[Date "2024.02.13"]
[Round "4"]
[White "riconaipe"]
[Black "Hrant_ChessMood"]
[Result "0-1"]
[WhiteElo "2597"]
[BlackElo "2947"]
[TimeControl "180+1"]
[EndTime "14:39:15 PST"]
[Termination "Hrant_ChessMood won by resignation"]

1. d4 Nf6 2. c4 e6 3. Nc3 Bb4 4.
Nf3 b6 5. Bg5 Bb7 6. e3 h6 7.
Bh4 Nc6 8. Rc1 Ne7 9. Bd3 Nf5 10. Bg3 Ne4 11. O-O Bxc3 12. bxc3 O-O 13. Nd2 Nxd2 14. Qxd2 d6 15. e4 Nxg3 16. hxg3 Qg5 17. Qxg5 hxg5 18. f4 gxf4 19. gxf4 e5 20. fxe5 dxe5 21. d5 c6 22. Kf2 Rac8 23. Ke3 cxd5 24. cxd5 Rc5 25. c4 Rfc8 26. Rf2 Ba6 27. Rfc2 Kf8 28. a3 Ke7 29. Kd2 Rh8 30. Kc3 f6 31. Kb4 Bc8 32. Ra1 Bd7 33. a4 a5+ 34. Kc3 Rh4 35. Rb2 Rg4 36. Raa2 Rg3 37.
Rxb6 f5 38. exf5 Bxf5 39. Rd2 e4 40. Kd4 Rxd3+ 41. Rxd3 exd3 42. Rb7+ Kf6 43. Rb6+ Kg5 44. Rb2 Rc8 45. c5 Re8 46. c6 Re2 47. Rb1 Rc2 48. Rd1 d2 49. Ke3 Kf6 50. d6 Rxc6 51. Rxd2 Bd7 52.
Ke4 Ke6 53. Rd5 Rc4+ 54. Rd4 Rxd4+ 55. Kxd4 Kxd6 0-1

[Event "Late-Titled-Tuesday-Blitz-February-13-2024"]
[Site "Chess.com"]
[Date "2024.02.13"]
[Round "4"]
[White "Actuary44"]
[Black "KacperKacprzak"]
[Result "0-1"]
[WhiteElo "2527"]
[BlackElo "2719"]
[TimeControl "180+1"]
[EndTime "14:39:17 PST"]
[Termination "KacperKacprzak won by resignation"]

1. e4 c5 2. d4 cxd4 3. c3 dxc3 4. Nxc3 Nc6 5. f4 d6 6. Nf3 Bg4 7. Bd3 e6 8. O-O Nf6 9. Kh1 Be7 10. Qe1 a6 11.
Be3 O-O 12. Rd1 Qa5 13. Qg3 Qh5 14. h3 Bxf3 15. gxf3 g6 16. Rg1 Ne8 17. f5 Ne5 18.
Be2 Qh4 19. Qh2 Ng7 20. f4 Nc6 21. Rg4 Qf6 22. fxe6 fxe6 23. Rdg1 Kh8 24. Bf3 Rad8 25.
Ne2 d5 26. e5 Qf7 27. Bb6 Rde8 28. h4 Qf5 29. Ng3 Qd3 30. Be2 Qc2 31. h5 Nxh5 32.
Nxh5 gxh5 33. Qxh5 Qf5 34. Qh3 Rg8 35. Bd3 Qf7 36.
Rxg8+ Rxg8 37. Rxg8+ Kxg8 38. Qg4+ Kf8 39. Bc7 Nd4 40.
Bd6 Nf5 41. Bxf5 Qxf5 42. Bxe7+ Kxe7 43. Qg7+ Qf7 44. Qg5+ Kd7 45. Qh6 Kc6 46. Kg2 Qf5 47. Kf3 Qd3+ 48. Kg4 Qg6+ 49. Qxg6 hxg6 50. Kg5 d4 51.
Kxg6 d3 52. Kf6 d2 53. Kxe6 d1=Q 54. f5 Qd5+ 55. Kf6 Kd7 56. e6+ Ke8 57. Kg6 Ke7 58. f6+ Kxe6 59. Kg7 Qf5 0-1

[Event "Late-Titled-Tuesday-Blitz-February-13-2024"]
[Site "Chess.com"]
[Date "2024.02.13"]
[Round "4"]
[White "AsaHoffmann"]
[Black "GaiozNigalidze"]
[Result "1/2-1/2"]
[WhiteElo "2431"]
[BlackElo "2669"]
[TimeControl "180+1"]
[EndTime "14:39:19 PST"]
[Termination "Game drawn by repetition"]

1. d4 Nf6 2. Bg5 e6 3. Nd2 h6 4. Bh4 d5 5. e3 Be7 6. Bd3 b6 7. f4 Bb7 8. Ngf3 Ne4 9. Bxe7 Qxe7 10. Bxe4 dxe4 11. Ne5 Nd7 12. O-O Nxe5 13. fxe5 Qg5 14. Rf4 O-O-O 15. Nxe4 Qg6 16. Rg4 Qh7 17. Nf2 h5 18.
Rf4 g5 19. Rf6 g4 20. Qd3 Qg7 21. Rf1 g3 22. hxg3 h4 23. g4 h3 24. e4 hxg2 25.
Kxg2 Rdg8 26. Qf3 Rh4 27. Rh1 Rxh1 28. Kxh1 Rh8+ 29. Kg2 Qh7 30. Kf1 Ba6+ 31. Ke1 Qh2 32. Kd2 Qg1 33. b3 Rh2 34. c4 Qa1 35. Ke3 Qc3+ 36.
Kf4 Qxd4 37. Kg3 Rh7 38. Rxf7 Qxe5+ 39. Qf4 Qc3+ 40. Qf3 Qe5+ 41. Qf4 Qc3+ 42. Kg2 Rxf7 43. Qxf7 Qe5 44. Qf3 Bb7 45. Qg3 Bxe4+ 46. Nxe4 Qxe4+ 47. Qf3 Qc2+ 48. Kg3 Kd7 49. g5 Qg6 50. Kg4 Ke7 51. Qf4 Kd7 52. Qf6 Qe4+ 53. Kh5 Qh7+ 54. Kg4 Qe4+ 55. Kg3 Qe3+ 56. Kg4 Qe4+ 1/2-1/2

[Event "Late-Titled-Tuesday-Blitz-February-13-2024"]
[Site "Chess.com"]
[Date "2024.02.13"]
[Round "4"]
[White "ArchibaldCerveza29"]
[Black "TanitoluwaAps116"]
[Result "0-1"]
[WhiteElo "2508"]
[BlackElo "2777"]
[TimeControl "180+1"]
[EndTime "14:39:20 PST"]
[Termination "TanitoluwaAps116 won by resignation"]

1. e4 c5 2. Nf3 e6 3. d4 cxd4 4. Nxd4 Nf6 5. Nc3 Nc6 6. a3 d6 7. Be2 Be7 8. O-O O-O 9. Nb3 a6 10.
Be3 Bd7 11. Kh1 Rc8 12. f4 Na5 13. Nxa5 Qxa5 14. Bf3 Bc6 15. Qd3 Rfd8 16. Rad1 h6 17. g4 d5 18. e5 d4 19. Bxd4 Nxg4 20. Bxc6 Rxc6 21. Qg3 h5 22. Rg1 g6 23. Rg2 Rc4 24. Rgd2 Qc7 25. Qg1 Qc6+ 26. Qg2 Qxg2+ 27. Kxg2 Rcxd4 28. Rxd4 Ne3+ 29. Kf3 Nxd1 30. Rxd8+ Bxd8 31. Nxd1 Kf8 32. Ke4 Ke7 33. c4 Kd7 34. b4 Kc6 35. Nc3 Be7 36. Kd4 b6 37. Ne4 Bf8 38. Ng5 Bh6 39.
h4 Kd7 40. Ke4 Ke8 41. c5 bxc5 42. bxc5 Bf8 43. Kd4 Kd7 44. Ne4 Be7 45. Nd6 Bxh4 46. Nxf7 Be7 47. Nd6 h4 48. Ne4 Kc6 49. a4 h3 50. Kc4 h2 51. Ng3 Bxc5 52. Nh1 Be3 53. Kd3 Bxf4 54. Ke4 g5 55. Nf2 Kc5 56. Kf3 Kb4 57. Kg2 Kxa4 58. Nd3 Kb3 59. Nxf4 gxf4 60. Kh1 a5 61. Kg2 a4 62. Kxh2 a3 0-1

[Event "Late-Titled-Tuesday-Blitz-February-13-2024"]
[Site "Chess.com"]
[Date "2024.02.13"]
[Round "4"]
[White "Dubs123"]
[Black "cristianserban1"]
[Result "1-0"]
[WhiteElo "2340"]
[BlackElo "2501"]
[TimeControl "180+1"]
[EndTime "14:39:21 PST"]
[Termination "Dubs123 won by checkmate"]

1. e4 g6 2. d4 Bg7 3. Nc3 a6 4. f4 d5 5. e5 h5 6. Nf3 Bg4 7. Be2 e6 8. O-O Ne7 9. Ng5 Bxe2 10. Nxe2 Nd7 11. b3 c5 12. dxc5 Nc6 13. Nd4 Bf8 14. Ndxe6 fxe6 15. Nxe6 Qc8 16. Qxd5 Ne7 17. Qd6 Nf5 18.
Nc7+ Kd8 19. Ne6+ Ke8 20. Nc7+ Kf7 21. e6+ Kg8 22. Qxd7 Bxc5+ 23. Kh1 Qxd7 24. exd7 h4 25. Bb2 Rh7 26. h3 Ng3+ 27. Kh2 Nxf1+ 28. Rxf1 Rd8 29. Ne6 Rdxd7 30. Nxc5 Rd2 31. Ne4 Rxc2 32. Nf6+ Kg7 33. Nxh7+ Rxb2 34. Ng5 Rxa2 35. Rb1 b5 36.
Nf3 Rf2 37. Nxh4 Rxf4 38. Nf3 Rb4 39. Ne1 a5 40. Nc2 Re4 41. Na3 Rb4 42. Nc2 Re4 43. Kg3 Kh6 44. Kf3 Re5 45. Nd4 Rd5 46. Ke4 Rc5 47.
g4 Kg5 48. Nf3+ Kh6 49. h4 Rc3 50. Nd4 b4 51. Rf1 Rh3 52. h5 gxh5 53. gxh5 Rxh5 54. Rf5 Rh4+ 55. Kd5 Kg6 56. Re5 Kf6 57. Re6+ Kf7 58. Ra6 Rh5+ 59. Kc4 Ke7 60. Nc6+ Kd7 61. Nxa5 Rh4+ 62.
Kb5 Kc7 63. Rc6+ Kb8 64. Rc4 Rh5+ 65. Kxb4 Ka7 66. Nc6+ Kb6 67. Nd4 Rh1 68. Rc6+ Kb7 69. Rg6 Rh4 70. Kc4 Rh1 71. b4 Rc1+ 72. Kb5 Rh1 73.
Rg7+ Kb8 74. Kc5 Rh5+ 75. Kb6 Rh6+ 76. Nc6+ Kc8 77. Rc7# 1-0

[Event "Late-Titled-Tuesday-Blitz-February-13-2024"]
[Site "Chess.com"]
[Date "2024.02.13"]
[Round "4"]
[White "SHIVACalypso"]
[Black "PepeCuenca"]
[Result "1-0"]
[WhiteElo "2493"]
[BlackElo "2681"]
[TimeControl "180+1"]
[EndTime "14:39:23 PST"]
[Termination "SHIVACalypso won on time"]

1. Nf3 Nf6 2. d4 g6 3. c4 Bg7 4. g3 O-O 5. Bg2 d6 6. O-O Nc6 7. Nc3 a6 8. e4 Bg4 9. Be3 Nd7 10.
Qd2 e5 11. d5 Bxf3 12. Bxf3 Nd4 13. Bxd4 exd4 14. Ne2 d3 15. Qxd3 Bxb2 16. Rab1 Bg7 17. Bg2 Nc5 18. Qc2 Re8 19. Rfe1 Qd7 20. Nf4 b6 21.
Nd3 Qa4 22. Qxa4 Nxa4 23. f4 Bd4+ 24. Kf1 Re7 25. Nb4 Bc3 26. Nc6 Ree8 27. Re2 Bg7 28. Rb3 Nc5 29. Rbe3 f6 30. Bh3 Kh8 31. Kg2 a5 32. Kf3 a4 33. Nd4 a3 34. Nb5 Re7 35. Rxa3 Rxa3+ 36. Nxa3 Re8 37. Nb5 Re7 38. Re3 h5 39. Bf1 Bh6 40. Bd3 g5 41. Bc2 gxf4 42. gxf4 Rg7 43. Ra3 Rg4 44. Ra8+ Kg7 45. Ra7 Rxf4+ 46. Ke2 Nxe4 47. Rxc7+ Kf8 48. Bxe4 Rxe4+ 49. Kd3 Re3+ 50. Kd4 Rh3 51. Nxd6 Bf4 52. Rf7+ Kg8 53. Rxf6 Bxh2 54. Ne4 Bg1+ 55. Ke5 Rd3 56. d6 Bd4+ 57.
Ke6 Bxf6 58. Nxf6+ Kf8 59. d7 h4 60. Nd5 1-0

[Event "Late-Titled-Tuesday-Blitz-February-13-2024"]
[Site "Chess.com"]
[Date "2024.02.13"]
[Round "4"]
[White "platy3"]
[Black "DeTimmerman"]
[Result "1-0"]
[WhiteElo "2940"]
[BlackElo "2729"]
[TimeControl "180+1"]
[EndTime "14:39:24 PST"]
[Termination "platy3 won by resignation"]

1. e4 e5 2. Nf3 Nc6 3. Bc4 Nf6 4. d3 Be7 5. O-O O-O 6. Re1 d6 7. a4 Kh8 8. a5 a6 9. h3 Ng8 10. Nc3 f5 11. Nd5 Bf6 12. c3 Nce7 13. Nxf6 Nxf6 14. exf5 Bxf5 15. d4 e4 16. Nh2 d5 17. Bb3 Qd6 18.
Nf1 Rae8 19. Ng3 Be6 20. Bg5 Nf5 21. Qd2 Nxg3 22. Bf4 e3 23. Qxe3 Ne2+ 24. Rxe2 Qd7 25. Be5 Bf5 26. f3 Re7 27. Rae1 Rfe8 28. Qg5 Bg6 29. Ba2 c6 30. b4 Re6 31. g4 Qf7 32.
Re3 Nd7 33. Bg3 h6 34. Qf4 Qxf4 35. Bxf4 Rxe3 36. Rxe3 Rf8 37. Bd6 Rf6 38. Bg3 Kg8 39. Kf2 Kf7 40. Bc7 Re6 41. Rxe6 Kxe6 42. Bb3 Bb1 43.
Ke3 g6 44. h4 h5 45. Bd1 Nf6 46. Bd8 hxg4 47. Bxf6 Kxf6 48. fxg4 g5 49. h5 Bh7 50. Be2 Bb1 51. Bd3 Bxd3 52. Kxd3 Kg7 53. c4 Kf6 54. cxd5 cxd5 55. b5 1-0

[Event "Late-Titled-Tuesday-Blitz-February-13-2024"]
[Site "Chess.com"]
[Date "2024.02.13"]
[Round "4"]
[White "verrbaa"]
[Black "Lucas_Tomiello"]
[Result "1-0"]
[WhiteElo "2507"]
[BlackElo "2689"]
[TimeControl "180+1"]
[EndTime "14:39:24 PST"]
[Termination "verrbaa won by checkmate"]

1. e4 c5 2. Nf3 d6 3. d4 cxd4 4. Nxd4 Nf6 5. Nc3 a6 6. Be2 e5 7.
Nf3 h6 8. Nd2 Be7 9. Nc4 Be6 10.
Ne3 Nc6 11. O-O O-O 12. Re1 Rc8 13. Bd3 Nb4 14. Bf1 Qc7 15. a3 Nc6 16. Ncd5 Bxd5 17. exd5 Nb8 18. c4 g6 19. b4 a5 20. Bb2 Na6 21.
Qb3 Nd7 22. f4 exf4 23. Ng4 Ne5 24. Nxe5 dxe5 25. c5 axb4 26. axb4 Nxc5 27. bxc5 Bxc5+ 28. Kh1 Bd6 29. Ra7 Qc2 30. Rxb7 Qxb3 31. Rxb3 Rb8 32.
Rxb8 Rxb8 33. Bxe5 Re8 34. Bc3 Rc8 35. Bf6 g5 36. h3 Bf8 37. Bd3 Bg7 38. Bxg7 Kxg7 39. Bf5 Rd8 40. Rd1 Kf6 41. Bg4 Ke5 42. Bf3 f5 43.
Re1+ Kd4 44. Re6 Rg8 45. d6 g4 46. hxg4 fxg4 47. Bc6 Rc8 48. d7 Rb8 49. Re8 Rb1+ 50. Kh2 g3+ 51. Kh3 h5 52. Kh4 Kc5 53. d8=Q Rh1+ 54.
Kg5 h4 55. Re5+ Kc4 56. Qd5+ Kc3 57. Qc5+ Kd3 58. Rd5+ Ke2 59. Qc2+ Kf1 60. Rd1# 1-0

[Event "Late-Titled-Tuesday-Blitz-February-13-2024"]
[Site "Chess.com"]
[Date "2024.02.13"]
[Round "4"]
[White "Lion-Al-Messi"]
[Black "CaspiIsrael"]
[Result "0-1"]
[WhiteElo "2564"]
[BlackElo "2817"]
[TimeControl "180+1"]
[EndTime "14:39:25 PST"]
[Termination "CaspiIsrael won by resignation"]

1. e4 d5 2. e5 Bf5 3. Nf3 e6 4. d4 c5 5. Bb5+ Nc6 6. O-O Ne7 7.
dxc5 a6 8. Bd3 Bg4 9. Re1 Ng6 10.
Bxg6 hxg6 11. h3 Bxf3 12. Qxf3 Bxc5 13. c3 Qb6 14. b4 Be7 15. Be3 Qc7 16. Bf4 Rh5 17.
Nd2 O-O-O 18. a4 Nxe5 19. Bxe5 Rxe5 20. Qxf7 Bf6 21. Qxc7+ Kxc7 22. Rxe5 Bxe5 23. Re1 Bf6 24. Nf3 Kd6 25. Nd4 e5 26. Nb3 Rc8 27. Nc5 b6 28.
Nxa6 Rxc3 29. Ra1 e4 30. Kf1 Rc2 31. Rd1 d4 32. a5 bxa5 33. bxa5 d3 34. Nb4 Rb2 35.
Nxd3 exd3 36. Rxd3+ Ke6 37. Ra3 Bd4 38. Ra4 Rxf2+ 39. Ke1 Rf4 40. Ke2 Be3 41. Rxf4 Bxf4 42. Kf3 Bb8 43. a6 Kf5 44. g3 g5 45. g4+ Ke5 46.
Ke3 Ba7+ 47. Kf3 Kd4 48. Kg3 Bb8+ 49. Kf3 Kd3 50. Kf2 Ke4 51. Kg2 Ke3 52. h4 gxh4 53. g5 Kf4 54. g6 Kg5 55. Kh3 Kxg6 56. Kxh4 Kf5 57. Kh3 Ba7 58. Kg3 g5 59. Kf3 g4+ 60.
Kg3 Kg5 0-1